 Dungeon Crawl Stone Soup version 0.28-a0-794-gafe8c5f9e9 (webtiles) character file.

Game seed: 7207149021670661013

138 kae the Caller (level 5, -1/30 HPs)
             Began as a Tengu Summoner on Nov 5, 2021.
             Killed by divine providence
             ... invoked by an orc priest
              (12 damage)
             ... on level 4 of the Dungeon.
             The game lasted 00:02:51 (4645 turns).

kae the Caller (Tengu Summoner)                     Turns: 4645, Time: 00:02:51

Health: -1/30      AC:  3    Str:  8    XL:     5   Next: 21%
Magic:  8/9        EV: 15    Int: 17    God:
Gold:   158        SH:  0    Dex: 14    Spells: 3/9 levels left

rFire   . . .      SeeInvis .   h - +3 short sword
rCold   . . .      Faith    .   (no shield)
rNeg    . . .      Spirit   .   a - +0 robe
rPois   .          Reflect  .   (helmet restricted)
rElec   .          Harm     .   g - +0 cloak
rCorr   .          Rampage  .   (no gloves)
Will    .....                   (boots unavailable)
Stlth   ++........              (no amulet)
HPRegen 0.10/turn               (no ring)
MPRegen 0.11/turn               (no ring)

@: flying quickly and evasively, quick
A: beak, talons 3, nimble flight
a: no special abilities


You were on level 4 of the Dungeon.
You visited 1 branch of the dungeon, and saw 4 of its levels.

You collected 158 gold pieces.

Inventory:

Hand Weapons
 b - a +1 dagger
 h - a +3 short sword (weapon)
Armour
 a - a +0 robe (worn)
 g - a +0 cloak (worn)
Scrolls
 d - 4 scrolls of teleportation
Potions
 c - a potion of magic
 e - a potion of curing
 f - a potion of attraction
 j - 2 potions of lignification {unknown}
 k - a potion of resistance {unknown}
 l - a potion of heal wounds {unknown}


   Skills:
 + Level 1.7 Fighting
 + Level 2.9 Dodging
 + Level 2.8 Stealth
 + Level 2.6 Spellcasting
 * Level 5.9 Summonings


You had 3 spell levels left.
You knew the following spells:

 Your Spells              Type           Power      Damage    Failure   Level
a - Summon Small Mammal   Summ           88%        N/A       1%          1
b - Call Imp              Summ           22%        N/A       2%          2
c - Call Canine Familiar  Summ           22%        N/A       4%          3

Your spell library contained the following spells:

 Spells                   Type           Power      Damage    Failure   Level
 Summon Guardian Golem    Hex/Summ       12%        N/A       16%         3
 Summon Lightning Spire   Summ/Air       12%        N/A       47%         4


Dungeon Overview and Level Annotations

Branches:
Dungeon (4/15)
 Temple: D:4-7

Altars:

Shops:
D:1 =

Annotations:
D:3 1 runed translucent door, kae's ghost, amateur HOCA


Innate Abilities, Weirdness & Mutations

You have a beak for a mouth.
You have claws for feet.
Your magical nature lets you fly swiftly and evasively.


Message History

Your hound closely misses the orc.
The orc closely misses you.
Your hound barely misses the orc.
Something hits you but does no damage.
The orc priest completely misses your hound.
The orc hits you with a +0 flail. The orc closely misses your hound.
Something hits your hound.
Your hound bites something.
The orc barely misses you.
The orc priest looks encouraged for a moment.
Your hound bites the orc.
Something barely misses your hound.
Your hound bites the orc.
The orc dies!
You closely miss the orc. You peck the orc.
The orc is severely wounded.
The orc priest casts a cantrip, but nothing happens.
The orc hits you with a +0 dagger.
You hit the orc but do no damage.
The orc is severely wounded.
The orc barely misses you.
You hit the orc but do no damage.
The orc is severely wounded.
The orc hits you with a +0 dagger.
You hit the orc but do no damage.
The orc is severely wounded.
The orc hits you with a +0 dagger.
You hit the orc but do no damage.
The orc is severely wounded.
The orc closely misses you.
You hit the orc.
The orc is almost dead.
The orc hits you with a +0 dagger.
You hit the orc but do no damage.
The orc is almost dead.
The orc barely misses you.
You barely miss the orc.
The orc is almost dead.
The orc completely misses you.
You hit the orc but do no damage. You claw the orc.
You kill the orc!
The orc priest calls down the wrath of Beogh upon you.
Beogh smites you!
You die...

###.......
........o#
#.o.h.# #..)##
###..#
##o########...
##.o.#.......
###..###
##.@<#
##.........
##........
##.......
.......
..>....
.......
..)....


You could see an orc priest and an orc.

Vanquished Creatures
  Terence (D:2)
  3 adders
  3 orcs
  2 ball pythons
  3 endoplasms
  11 giant cockroaches
  5 goblins
  2 hobgoblins (D:1)
  2 quokkas
  6 bats
  A frilled lizard (D:2)
  3 kobolds (D:2)
  2 rats
44 creatures vanquished.

Vanquished Creatures (collateral kills)
  2 dart slugs
  An orc (D:4)
  2 bats (D:2)
  2 endoplasms
  6 giant cockroaches
  3 goblins
  6 kobolds
  A frilled lizard (D:2)
  A rat (D:1)
24 creatures vanquished.

Grand Total: 68 creatures vanquished

Notes
Turn   | Place    | Note
-------+----------+-------------------------------------------
     0 | D:1      | kae the Tengu Summoner began the quest for the Orb.
     0 | D:1      | Reached XP level 1. HP: 10/10 MP: 4/4
   288 | D:1      | Reached skill level 5 in Summonings
   288 | D:1      | Reached XP level 2. HP: 16/16 MP: 6/6
   587 | D:1      | Found a faded altar of an unknown god.
   931 | D:1      | Found Ladopt's Jewellery Shoppe.
  1206 | D:1      | Reached XP level 3. HP: 18/20 MP: 5/7
  1209 | D:1      | Learned a level 2 spell: Call Imp
  1213 | D:1      | Learned a level 3 spell: Call Canine Familiar
  1349 | D:2      | Reached skill level 1 in Fighting
  2584 | D:2      | Reached XP level 4. HP: 23/25 MP: 5/8
  2748 | D:2      | Noticed Terence
  2770 | D:2      | Killed Terence
  3750 | D:3      | Gained mutation: Your magical nature lets you fly swiftly
                  | and evasively. [Tengu growth]
  3750 | D:3      | Reached XP level 5. HP: 29/29 MP: 6/9
  4026 | D:3      | Found a runed translucent door.
  4110 | D:3      | Noticed kae's ghost (amateur HOCA)
  4645 | D:4      | Killed from afar by an orc priest

Illustrated notes

Levels and vault maps discovered:
D:1:      lemuel_arrival_rhombus, layout_basic, serial_shops, shop,
          basic_ecumenical_altar, chequers_serial_rivers_room_b,
          corexii_leaking_fountain, chequers_serial_rivers_marsh,
          hangedman_decor_push
D:2:      minmay_roachtagon, layout_basic, uniq_terence
D:3:      layout_basic, ebering_ghost_sewer_d, minivault_25
D:4:      layout_cave_pods, gammafunk_ghost_arena, nicolae_shop_firing_range

Skill      XL: |  1  2  3 |
---------------+----------+-----
Summonings     | 5 |  5.9
Fighting       | 1 |  1.7
Dodging        | |  2.9
Stealth        | |  2.8
Spellcasting   | |  2.6

Action                   |  1- 3 |  4- 6 || total
-------------------------+-------+-------++-------
Melee: Unarmed           |    11 |       ||    11
       Kick              |    13 |    20 ||    33
       Dagger            |    77 |    52 ||   129
       Peck              |     7 |    12 ||    19
       Short sword       |       |    26 ||    26
 Cast: Summon Small Mamm |    33 |     5 ||    38
       Call Imp          |     5 |    12 ||    17
       Call Canine Famil |       |     3 ||     3
  Use: Scroll            |     1 |     7 ||     8
 Stab: Sleeping          |     6 |     1 ||     7
       Distracted        |     2 |     1 ||     3
Armor: Robe              |    14 |    24 ||    38
Dodge: Dodged            |    50 |    75 ||   125

Table legend: (Time is in decaauts)
 A = Elapsed time spent in this place.
 B = Non-inter-level travel time spent in this place.
 C = Inter-level travel time spent in this place.
 D = Time resting spent in this place.
 E = Time spent auto-exploring this place.
 F = Levels seen in this place.
 G = Mean time per level.
                   A        B        C        D        E       F      G
               +--------+--------+--------+--------+--------+-----+--------+
         Total |   4582 |   4465 |    117 |    224 |   3649 |   4 | 1145.5 |
       Dungeon |   4582 |   4465 |    117 |    224 |   3649 |   4 | 1145.5 |
               +--------+--------+--------+--------+--------+-----+--------+

Top non-repeatable levels by time:
     D:2: 2064 daAuts
     D:1: 1306 daAuts
     D:3: 1151 daAuts
     D:4: 59 daAuts
